 Dungeon Crawl Stone Soup version 0.30-a0-639-g3916f1956a (webtiles) character file.

Game seed: 5654666643621974568

115 Mitcholas the Shooter (level 4, -9/27 HPs)
             Began as a Deep Elf Hunter on Jan 16, 2023.
             Killed by nerve-wracking pain
             ... invoked by an orc priest
              (11 damage)
             ... on level 3 of the Dungeon.
             The game lasted 00:02:38 (1055 turns).

Mitcholas the Shooter (Deep Elf Hunter)             Turns: 1055, Time: 00:02:38

Health: -9/27      AC:  3    Str:  8    XL:     4   Next: 68%
Magic:  6/6        EV: 18    Int: 14    God:
Gold:   54         SH:  0    Dex: 20    Spells: 3/3 levels left

rFire   . . .      SeeInvis .    a - +0 shortbow
rCold   . . .      Faith    .    (shield currently unavailable)
rNeg    . . .      Spirit   .    c - +0 leather armour
rPois   .          Reflect  .    (no helmet)
rElec   .          Harm     .    (no cloak)
rCorr   .          Rampage  .    (no gloves)
Will    .....                    (no boots)
Stlth   ++                       (no amulet)
HPRegen 0.24/turn                i - +5 ring of evasion
MPRegen 0.10/turn                (no ring)

@: no status effects
A: no striking features
a: no special abilities


You were on level 3 of the Dungeon.
You visited 1 branch of the dungeon, and saw 3 of its levels.

You collected 54 gold pieces.

Inventory:

Hand Weapons
 a - a +0 shortbow (weapon)
Armour
 c - a +0 leather armour (worn)
Jewellery
 i - a +5 ring of evasion (left hand)
Scrolls
 b - 2 scrolls of immolation
 d - a scroll of identify {unknown}
 e - a scroll of fear {unknown}
 f - a scroll of noise {unknown}
 k - a scroll of vulnerability {unknown}
Potions
 h - a potion of lignification {unknown}
 j - a potion of brilliance {unknown}


   Skills:
 + Level 2.3 Fighting
 * Level 6.5 Ranged Weapons
 + Level 3.4 Dodging
 + Level 2.8 Stealth


You had 3 spell levels left.
You didn't know any spells.
Your spell library was empty.

Dungeon Overview and Level Annotations

Branches:
Dungeon (3/15)

Altars:

Shops:
D:1 (   D:2 *


Message History

The arrow barely misses the orc priest.
The arrow hits the orc!
You kill the orc!
The endoplasm closely misses you.
Fire: a) +0 shortbow
Press: ? - help, Q - select action Shift-Dir - straight line, f/p - endoplasm
Aim: an endoplasm (88% to hit)
You shoot an arrow. The arrow hits the endoplasm.
The endoplasm is heavily wounded.
The endoplasm misses you.
Fire: a) +0 shortbow
Press: ? - help, Q - select action Shift-Dir - straight line, f/p - endoplasm
Aim: an endoplasm (heavily wounded, 88% to hit)
You shoot an arrow. The arrow hits the endoplasm.
The endoplasm is severely wounded.
The endoplasm freezes you.
You are frozen.
* * * LOW HITPOINT WARNING * * *
The hobgoblin hits you.
* * * LOW HITPOINT WARNING * * *
The orc priest looks satisfied for a moment.
Fire: a) +0 shortbow
Press: ? - help, Q - select action Shift-Dir - straight line, f/p - endoplasm
Aim: an endoplasm (severely wounded, 88% to hit)
You shoot an arrow. The arrow barely misses the endoplasm.
The arrow hits the orc priest.
The orc priest is almost dead.
The endoplasm freezes you.
You are frozen.
* * * LOW HITPOINT WARNING * * *
The hobgoblin closely misses you.
Fire: a) +0 shortbow
Press: ? - help, Q - select action Shift-Dir - straight line, f/p - endoplasm
Aim: an endoplasm (severely wounded, 88% to hit)
You shoot an arrow. The arrow hits the endoplasm.
You kill the endoplasm!
You hear some strange, mumbled words.
Something tries to affect you, but you resist.
The orc priest mumbles some strange prayers to Beogh against you.
Pain shoots through your body!
You die...

#......# #......#
#......# #......#
#......# #.##'#.#
#.##.# # #.##g#.#
# #<.#@#.#
#.####)#.###..
#.....o#......
####..r.####.#
+))|.......
########..).###.##
............+
#...........#
...$........#


You could see an orc priest, a hobgoblin and a rat.

Vanquished Creatures
  Jessica (D:2)
  An iguana (D:3)
  2 adders (D:2)
  A dart slug (D:2)
  3 orcs (D:3)
  4 endoplasms
  A giant cockroach (D:1)
  4 goblins
  2 hobgoblins
  2 jackals (D:2)
  7 kobolds
  A quokka (D:2)
  4 ball pythons
  3 bats
  4 frilled lizards
  2 rats (D:1)
42 creatures vanquished.

Notes
Turn   | Place    | Note
-------+----------+-------------------------------------------
     0 | D:1      | Mitcholas the Deep Elf Hunter began the quest for the Orb.
     0 | D:1      | Reached XP level 1. HP: 12/12 MP: 3/3
    82 | D:1      | Reached XP level 2. HP: 17/17 MP: 4/4
   107 | D:1      | You fall into a shaft and drop 1 floor!
   145 | D:2      | Found Banits's General Store.
   221 | D:1      | Found Regasen's Weapon Shoppe.
   259 | D:1      | Reached XP level 3. HP: 21/21 MP: 5/5
   812 | D:2      | Reached skill level 6 in Ranged Weapons
   819 | D:2      | Noticed Jessica
   843 | D:2      | Killed Jessica
   844 | D:2      | Reached XP level 4. HP: 19/26 MP: 6/6
  1055 | D:3      | Killed from afar by an orc priest

Illustrated notes

Levels and vault maps discovered:
D:1:      eino_arrival_water_star, layout_rooms, serial_shops, shop, hex_medium,
          hangedman_decor_growths, minmay_pentomino_t2
D:2:      layout_basic, serial_shops, shop, minmay_cupped, uniq_jessica
D:3:      layout_basic, nicolae_overflow_crystal_walls,
          minmay_randomly_rotated_circles

Skill      XL: |  1  2  3 |
---------------+----------+-----
Stealth        | 2 |  2.8
Fighting       | 2 |  2.3
Ranged Weapons | 6 |  6.5
Dodging        | 3 |  3.4

Action                   |  1- 3 |  4- 6 || total
-------------------------+-------+-------++-------
 Fire: Shortbow          |    83 |    34 ||   117
  Use: Potion            |     1 |       ||     1
Armor: Leather armour    |     5 |       ||     5
Dodge: Dodged            |    28 |    13 ||    41

Table legend: (Time is in decaauts)
 A = Elapsed time spent in this place.
 B = Non-inter-level travel time spent in this place.
 C = Inter-level travel time spent in this place.
 D = Time resting spent in this place.
 E = Time spent auto-exploring this place.
 F = Levels seen in this place.
 G = Mean time per level.
                   A        B        C        D        E       F      G
               +--------+--------+--------+--------+--------+-----+--------+
         Total |   1083 |   1011 |     72 |      0 |    754 |   3 |  361.0 |
       Dungeon |   1083 |   1011 |     72 |      0 |    754 |   3 |  361.0 |
               +--------+--------+--------+--------+--------+-----+--------+

Top non-repeatable levels by time:
     D:2: 537 daAuts
     D:1: 455 daAuts
     D:3: 91 daAuts
